 Dungeon Crawl Stone Soup version 0.26-a0-784-g51bffae0b1 (console) character file.

Game seed: 5795616153028551960

19359 Ignak the Fighter (level 12, -3/133 HPs)
             Began as an Ogre Hedge Wizard on Nov 10, 2020.
             Was a High Priest of Okawaru.
             Killed from afar by Jorgrun (62 damage)
             ... with an iron shot
             ... on level 12 of the Dungeon.
             The game lasted 00:53:42 (20756 turns).

Ignak the Fighter (Ogre Hedge Wizard)              Turns: 20756, Time: 00:53:42

Health: -3/133     AC:  8    Str: 21    XL:     12   Next: 68%
Magic:  18/25      EV: 17    Int: 15    God:    Okawaru [*****.]
Gold:   1013       SH:  0    Dex:  8    Spells: 18/29 levels left

rFire    + . .     SeeInvis .   a - +2 dire flail (drain)
rCold    . . .     Faith    +   (shield currently unavailable)
rNeg     + . .     Spirit   .   h - +2 robe {rN+}
rPois    .         Reflect  .   c - +0 hat
rElec    .         Harm     .   e - +2 cloak
rCorr    .         Rampage  .   (gloves unavailable)
MR       +....                  (boots unavailable)
Stlth    +.........             w - amulet of faith
HPRegen  0.32/turn              g - +4 ring of evasion
MPRegen  0.19/turn              p - ring of wizardry

@: no status effects
A: large, unfitting armour, hooves 1, fire resistance 1, screaming 1, tough skin
1, wild magic 1
a: Heroism, Finesse, Renounce Religion


You were on level 12 of the Dungeon.
You worshipped Okawaru.
Okawaru was extremely pleased with you.
You visited 3 branches of the dungeon, and saw 14 of its levels.
You also visited: Ossuary.

You collected 1065 gold pieces.
You spent 52 gold pieces at shops.

Inventory:

Hand Weapons
 a - a +2 dire flail of draining (weapon)
 b - the +2 morningstar of the Solstice {holy, Str+2}
   (Okawaru gifted it to you on level 10 of the Dungeon)

   It has been blessed by the Shining One to cause great damage to the undead
   and demons.
   It affects your strength (+2).
 d - a +0 quarterstaff
 j - a +4 morningstar of freezing
 A - a +0 giant spiked club
Missiles
 E - 4 atropa-tipped darts (quivered)
Armour
 c - a +0 hat (worn)
 e - a +2 cloak (worn)
 h - a +2 robe of positive energy (worn)
 I - a +2 tower shield of poison resistance
 L - a scarf of invisibility
Jewellery
 g - a +4 ring of evasion (left hand)
 k - a +6 ring of intelligence
 p - a ring of wizardry (right hand)
 w - an amulet of faith (around neck)
 C - a cursed ring of teleportation
 G - an uncursed ring of magical power
Wands
 t - a wand of polymorph (9)
 v - a wand of acid (11)
 B - a wand of disintegration (8)
Scrolls
 l - 3 scrolls of teleportation
 m - 4 scrolls of blinking
 o - 5 scrolls of magic mapping
 q - 5 scrolls of remove curse
 s - 3 scrolls of immolation
 y - 2 scrolls of fear
 z - 2 scrolls of fog
 K - 2 scrolls of amnesia
 M - a scroll of holy word {unknown}
Potions
 f - a potion of heal wounds
 i - 4 potions of curing
 n - a potion of berserk rage {unknown}
 r - a potion of lignification
 u - 2 potions of cancellation
 x - 2 potions of might
 D - a potion of haste
 F - a potion of flight
 H - a potion of ambrosia {unknown}


   Skills:
 + Level 12.8 Fighting
 - Level 6.2(7.7) Maces & Flails
 * Level 7.7(9.0) Staves
 + Level 9.2 Dodging
 - Level 1.4 Stealth
 * Level 3.9 Shields
 - Level 1.0 Unarmed Combat
 - Level 9.3 Spellcasting
 - Level 3.3 Conjurations
 - Level 1.0 Summonings
 - Level 1.0 Translocations
 + Level 4.8 Poison Magic
 + Level 4.2 Evocations


You had 18 spell levels left.
You knew the following spells:

 Your Spells              Type           Power        Failure   Level
a - Magic Dart            Conj           ###.         1%          1
b - Blink                 Tloc           N/A          6%          2
c - Wereblood             Tmut           #.......     9%          2
d - Mephitic Cloud        Conj/Pois/Air  ###.....     6%          3
e - Call Imp              Summ           ##......     6%          2
z - Beastly Appendage     Tmut           #.....       6%          1

Your spell library contained the following spells:

 Spells                   Type           Power        Failure   Level
 Apportation              Tloc           ##....       4%          1
 Summon Small Mammal      Summ           ##..         4%          1
 Animate Skeleton         Necr           #.....       6%          1
 Corona                   Hex            #......      6%          1
 Spider Form              Tmut/Pois      ###.......   7%          3
 Slow                     Hex            #.......     9%          2
 Conjure Flame            Conj/Fire      ###.....     9%          3
 Ice Form                 Ice/Tmut       #.......     45%         4
 Blade Hands              Tmut           #.........   77%         5


Dungeon Overview and Level Annotations

Branches:
Dungeon (12/15)            Temple (1/1) D:5            Lair (0/6) D:10
    Orc (1/2) D:12        Ossuary (visited)

Altars:
Ashenzari
Cheibriados
Dithmenos
Elyvilon
Fedhas
Gozag
Hepliaklqana
Kikubaaqudgha
Makhleb
Nemelex Xobeh
Okawaru
Qazlal
Ru
Sif Muna
Trog
Uskayaw
Vehumet
Wu Jian
Yredelemnul
The Shining One

Shops:
D:6 (   D:8 (

Annotations:
D:10 2 transporters, glosham's ghost, weakling FoDe
D:12 Jorgrun; TheJester's ghost, journeyman MiBe


Innate Abilities, Weirdness & Mutations

You are too large for most types of armour.
You have tough skin. (AC +1)
You have large cloven feet.
Your flesh is heat resistant. (rF+)
You occasionally shout uncontrollably at your foes.
Your spells are a little harder to cast, but a little more powerful.


Message History

The bolt of acid misses the two-headed ogre.
The bolt of acid hits the scorpion!
The scorpion is splashed with acid.
The acid corrodes the scorpion!
You kill the scorpion!
Okawaru accepts your kill.
Jorgrun points at you and mumbles some strange words.
The wall shatters!
The blast of rock fragments hits you!!
Evoke which item? (* to show all) (? for menu, Esc to quit)
Press: ? - help, Shift-Dir - straight line The bolt of acid hits Jorgrun.
Jorgrun is splashed with acid!
The acid corrodes Jorgrun!
Jorgrun is lightly wounded.
The bolt of acid hits the two-headed ogre!
The two-headed ogre is splashed with acid.
The acid corrodes the two-headed ogre!
The two-headed ogre is severely wounded.
Jorgrun hits you with an uncursed staff of earth.
Jorgrun casts a spell at you. The iron shot hits you!!!
You die...

#.....# ### #.....#
###.. +.....#
......#.. #.#
......#.# #.#
.......O# #.# ##
.##...#g###.# .# #..
#.....# .###### #.
#.@...# ....... #
+.....# ###...
#..##.# ..# #..##.#
..# #..##.# #.+
#..##.# #.# #..##.#
..# #..##.#
..##+##########.....#


You could see Jorgrun (corroded) and a two-headed ogre (corroded, drained).

Vanquished Creatures
  2 hydras (D:11)
  4 two-headed ogres
  An unseen horror (D:10)
  A wolf spider zombie (D:12)
  A deep elf mage (D:12)
  2 cyclopes
  A manticore (D:11)
  A gargoyle (D:10)
  2 trolls (D:11)
  Sigmund (D:6)
  2 spriggans (D:12)
  3 wraiths (D:12)
  4 yaks
  4 wyverns
  A basilisk (D:10)
  A steam dragon (shapeshifter) (D:8)
  2 water moccasins
  11 orc warriors
  5 sky beasts
  6 ice beasts
  4 black bears
  8 ogres
  2 wolves (D:10)
  2 phantoms
  13 centaurs
  2 big kobolds
  7 bullfrogs
  A gnoll sergeant (D:6)
  A wyvern skeleton (D:12)
  A water moccasin skeleton (D:11)
  3 scorpions
  8 killer bees
  21 wights
  5 electric eels
  A quasit (D:11)
  9 orc priests
  7 jellies
  A centaur zombie (D:6)
  4 hounds
  18 orc wizards
  3 bullfrog skeletons
  2 centaur skeletons
  2 iguanas (D:10)
  7 worker ants
  5 mummies (Ossuary)
  A worker ant zombie (D:8)
  9 gnolls
  6 adders
  5 shadow imps
  A white imp (D:7)
  An ufetubus (D:9)
  An ooze (D:3)
  An adder skeleton (D:8)
  4 worms
  7 leopard geckos
  63 orcs
  A ball python (D:1)
  8 giant cockroaches
  10 goblins
  6 hobgoblins
  11 jackals
  2 quokkas (D:5)
  5 bats
  6 frilled lizards
  2 hobgoblin zombies (Ossuary)
  18 kobolds
  2 leopard gecko skeletons
  2 quokka skeletons
  A quokka zombie (D:6)
  5 rats
370 creatures vanquished.

Vanquished Creatures (collateral kills)
  Pikel (D:6)
  A hornet (D:12)
  A water moccasin (D:10)
  A sky beast (D:7)
  An ogre (D:4)
  A wolf (D:12)
  A centaur (D:4)
  A bullfrog (D:8)
  A scorpion (D:4)
  2 killer bees (D:8)
  2 hounds
  An orc priest (D:4)
  4 orc wizards
  3 mummies (Ossuary)
  6 adders
  A gnoll (D:8)
  An ooze (D:1)
  A worm (D:2)
  4 leopard geckos
  18 orcs
  2 bats
  A giant cockroach (D:3)
  A goblin (D:2)
  2 hobgoblins
  A jackal (D:6)
  A ball python (D:2)
  3 frilled lizards
  2 gnoll zombies (Ossuary)
  2 hobgoblin zombies (Ossuary)
  2 kobolds
  2 orc zombies (Ossuary)
  3 rats
74 creatures vanquished.

Vanquished Creatures (others)
  An electric eel (D:9)
  An orc priest (D:12)
  An orc wizard (D:8)
  An adder (D:12)
  An orc (D:12)
  4 fungi (D:10)
  27 plants
36 creatures vanquished.

Grand Total: 480 creatures vanquished

Notes
Turn   | Place    | Note
-------+----------+-------------------------------------------
     0 | D:1      | Ignak the Ogre Hedge Wizard began the quest for the Orb.
     0 | D:1      | Reached XP level 1. HP: 16/16 MP: 5/5
   221 | D:1      | Reached XP level 2. HP: 15/26 MP: 1/6
   230 | D:1      | Reached skill level 1 in Fighting
   301 | D:1      | Learned a level 2 spell: Call Imp
   304 | D:1      | Learned a level 2 spell: Blink
   716 | D:1      | Reached XP level 3. HP: 24/33 MP: 6/8
   809 | D:1      | Reached skill level 1 in Conjurations
  1216 | D:2      | Reached skill level 1 in Summonings
  1283 | D:2      | Found a sacrificial altar of Ru.
  1542 | D:2      | Reached XP level 4. HP: 31/42 MP: 7/10
  1731 | D:2      | Reached skill level 1 in Unarmed Combat
  1764 | D:2      | Reached skill level 2 in Fighting
  1764 | D:2      | Reached skill level 1 in Maces & Flails
  1788 | D:2      | Reached skill level 1 in Translocations
  1935 | D:2      | Learned a level 3 spell: Mephitic Cloud
  2115 | D:2      | You fall into a shaft and drop 2 floors!
  2198 | D:4      | Reached XP level 5. HP: 14/50 MP: 1/11
  2585 | D:4      | Reached skill level 3 in Fighting
  3470 | D:3      | Reached XP level 6. HP: 57/61 MP: 7/12
  4436 | D:3      | Found a shimmering blue altar of Sif Muna.
  5145 | D:4      | Reached skill level 4 in Fighting
  5328 | D:4      | Reached XP level 7. HP: 33/71 MP: 12/14
  6242 | D:4      | Found a blossoming altar of Fedhas.
  6309 | D:5      | Entered Level 5 of the Dungeon
  6404 | D:5      | Found a sand-covered staircase.
  6409 | Ossuary  | Entered an ossuary
  6663 | Ossuary  | Reached skill level 5 in Spellcasting
  7044 | Ossuary  | Reached skill level 10 in Fighting
  7044 | Ossuary  | Reached skill level 5 in Maces & Flails
  7044 | Ossuary  | Reached XP level 8. HP: 94/94 MP: 14/19
  7485 | D:5      | Found a staircase to the Ecumenical Temple.
  7508 | Temple   | Entered the Ecumenical Temple
  7601 | Temple   | Became a worshipper of Warmaster Okawaru
  7877 | D:5      | Found a stormy altar of Qazlal.
  8132 | D:5      | Found a shadowy altar of Dithmenos.
  8716 | D:6      | Reached XP level 9. HP: 79/102 MP: 14/20
  8723 | D:6      | Reached * piety under Okawaru
  8927 | D:6      | Reached skill level 11 in Fighting
  9035 | D:6      | Found Hucaqale's Weapon Emporium.
  9052 | D:6      | Bought a +0 quarterstaff for 52 gold pieces
  9151 | D:6      | Noticed Pikel
  9210 | D:6      | Killed Pikel
  9210 | D:6      | Reached ** piety under Okawaru
  9210 | D:6      | Reached skill level 1 in Staves
  9454 | D:6      | Noticed Sigmund
  9515 | D:6      | Killed Sigmund
  9515 | D:6      | Reached skill level 1 in Poison Magic
  9909 | D:7      | Reached XP level 10. HP: 86/114 MP: 17/22
 10420 | D:8      | Reached *** piety under Okawaru
 10433 | D:8      | Found Naczol's Antique Weapon Boutique.
 10515 | D:8      | Reached skill level 1 in Evocations
 10521 | D:8      | Noticed a cyclops
 10694 | D:8      | Killed a cyclops
 12534 | D:9      | Reached **** piety under Okawaru
 13052 | D:9      | Gained mutation: Your spells are a little harder to cast,
                  | but a little more powerful. [potion of mutation]
 13052 | D:9      | Gained mutation: You occasionally shout uncontrollably at
                  | your foes. [potion of mutation]
 13052 | D:9      | Gained mutation: You have large cloven feet. [potion of
                  | mutation]
 13052 | D:9      | Gained mutation: Your flesh is heat resistant. (rF+)
                  | [potion of mutation]
 13073 | D:9      | Found a sacrificial altar of Ru.
 13111 | D:9      | Reached XP level 11. HP: 110/123 MP: 19/23
 13176 | D:9      | Received a gift from Okawaru
 14033 | D:10     | Entered Level 10 of the Dungeon
 14033 | D:10     | Found a transporter.
 14033 | D:10     | Noticed glosham's ghost (weakling FoDe)
 14324 | D:10     | Noticed a two-headed ogre
 14336 | D:10     | Killed a two-headed ogre
 14336 | D:10     | Reached skill level 5 in Staves
 14501 | D:10     | Killed an unseen horror
 14501 | D:10     | Reached ***** piety under Okawaru
 14509 | D:10     | Reached skill level 12 in Fighting
 14911 | D:10     | Found a staircase to the Lair.
 14957 | D:10     | Received a gift from Okawaru
 15310 | D:10     | Got a crystal morningstar {god gift}
 15312 | D:10     | Identified the +2 morningstar of the Solstice {holy, Str+2}
                  | (Okawaru gifted it to you on level 10 of the Dungeon)
 15575 | D:10     | Learned a level 2 spell: Wereblood
 15577 | D:10     | Learned a level 1 spell: Beastly Appendage
 15655 | D:10     | Found a transporter.
 15665 | D:10     | Noticed a two-headed ogre
 15666 | D:10     | Noticed a two-headed ogre
 15678 | D:10     | Killed a two-headed ogre
 15681 | D:10     | Killed a two-headed ogre
 16020 | D:11     | Received a gift from Okawaru
 16378 | D:11     | Noticed a manticore
 16395 | D:11     | Killed a manticore
 16738 | D:11     | Noticed a seven-headed hydra
 16749 | D:11     | Killed a seven-headed hydra
 16749 | D:11     | Reached skill level 1 in Shields
 16749 | D:11     | Reached XP level 12. HP: 111/133 MP: 15/25
 17534 | D:11     | Noticed an eight-headed hydra
 17541 | D:11     | Killed an eight-headed hydra
 18403 | D:12     | HP: 5/133 [wolf spider zombie (15)]
 18403 | D:12     | HP: 2/133 [wolf spider zombie (3)]
 19183 | D:12     | Found a runed translucent door.
 19183 | D:12     | Identified the +7 spear of Ceil {freeze, rF+ Dex+3}
 19185 | D:12     | Noticed TheJester's ghost (journeyman MiBe)
 19205 | D:12     | Received a gift from Okawaru
 19556 | D:12     | Noticed a two-headed ogre
 19576 | D:12     | Killed a two-headed ogre
 20512 | D:12     | Found a staircase to the Orcish Mines.
 20549 | Orc:1    | Entered Level 1 of the Orcish Mines
 20738 | D:12     | Noticed a two-headed ogre
 20745 | D:12     | Noticed Jorgrun
 20756 | D:12     | Killed from afar by Jorgrun

Illustrated notes

Levels and vault maps discovered:
D:1:      sevenhm_arrival_forest_fort_small_4, layout_rooms
D:2:      layout_loops_ring, nicolae_ru_path_of_blood
D:3:      layout_loops_corners, led_sif_pool
D:4:      layout_gridville, fedhas_bush_and_centaur_altar
D:5:      layout_basic, kennysheep_mini_moat, minmay_temple_entry_slanted,
          enter_ossuary_2, nicolae_qazlal_eye_of_the_storm
D:6:      layout_basic, serial_shops, nicolae_shop_crystal, minivault_22,
          minivault_24, uniq_pikel, uniq_sigmund
D:7:      layout_rooms
D:8:      kennysheep_big_flooded_room, layout_loops_ring, serial_shops,
          shop_statue, minivault_14
D:9:      layout_basic, basic_altar
D:10:     layout_roguey, minmay_lair_entry_grove, gammafunk_ghost_mausoleum
D:11:     layout_stronghold, st_stairs_10
D:12:     layout_stronghold, erik_orc_2, trove_entry_hex_spiral,
          ebering_ghost_funeral_grove, uniq_jorgrun
Temple:   kilobyte_greek_temple
Orc:1:    cheibrodos_orc_bank, layout_diamond_mine, uniq_snorg

Skill      XL: |  1  2  3  4  5  6  7  8  9 10 11 12 |
---------------+-------------------------------------+-----
Dodging        | 2 3 7 8 9 |  9.2
Spellcasting   | 4 7 8 9 |  9.3
Fighting       | 1 2 3 4 10 11 12 | 12.8
Conjurations   | 1 2 3 |  3.3
Summonings     | 1 |  1.0
Unarmed Combat | 1 |  1.0
Maces & Flails | 1 2 5 6 |  6.2
Translocations | 1 |  1.0
Staves         | 2 4 6 7 |  7.7
Poison Magic   | 1 2 4 |  4.8
Evocations     | 2 3 4 |  4.2
Shields        | 1 3 |  3.9
Stealth        | |  1.4

Action                   |  1- 3 |  4- 6 |  7- 9 | 10-12 || total
-------------------------+-------+-------+-------+-------++-------
Melee: Dagger            |   130 |   269 |   197 |       ||   596
       Punch             |       |     2 |       |     1 ||     3
       Giant club        |       |       |   140 |    32 ||   172
       Unarmed           |       |       |     6 |       ||     6
       Giant spiked club |       |       |       |   161 ||   161
       Morningstar       |       |       |       |   122 ||   122
       Kick              |       |       |       |   108 ||   108
       Dire flail        |       |       |       |   442 ||   442
Throw: Dart              |       |    14 |    11 |     4 ||    29
 Cast: Magic Dart        |    14 |     1 |       |    35 ||    50
       Call Imp          |    16 |    56 |    46 |    42 ||   160
       Mephitic Cloud    |       |     1 |    12 |    30 ||    43
       Blink             |       |     1 |       |     4 ||     5
       Beastly Appendage |       |       |       |     1 ||     1
Invok: Heroism           |       |       |       |    10 ||    10
Evoke: Wand              |       |       |       |     9 ||     9
  Use: Potion            |       |     2 |     7 |     5 ||    14
       Scroll            |       |       |     9 |     9 ||    18
 Stab: Sleeping          |       |     4 |     1 |     2 ||     7
       Distracted        |       |     1 |     3 |       ||     4
       Confused          |       |       |     2 |     3 ||     5
Armor: Robe              |    57 |    77 |   113 |   195 ||   442
       Skin              |       |    23 |       |       ||    23
Dodge: Dodged            |   120 |   228 |   255 |   843 ||  1446

Table legend: (Time is in decaauts)
 A = Elapsed time spent in this place.
 B = Non-inter-level travel time spent in this place.
 C = Inter-level travel time spent in this place.
 D = Time resting spent in this place.
 E = Time spent auto-exploring this place.
 F = Levels seen in this place.
 G = Mean time per level.
                   A        B        C        D        E       F      G
               +--------+--------+--------+--------+--------+-----+--------+
         Total |  20859 |  20472 |    387 |   7513 |   7804 |  15 | 1390.6 |
       Dungeon |  20084 |  19731 |    353 |   7165 |   7659 |  12 | 1673.7 |
        Temple |    127 |     93 |     34 |      0 |     85 |   1 |  127.0 |
  Orcish Mines |      7 |      7 |      0 |      0 |      0 |   1 |    7.0 |
       Ossuary |    639 |    639 |      0 |    348 |     60 |   1 |  639.0 |
               +--------+--------+--------+--------+--------+-----+--------+

Top non-repeatable levels by time:
    D:11: 2910 daAuts
     D:4: 2547 daAuts
     D:9: 2218 daAuts
    D:12: 1844 daAuts
    D:10: 1694 daAuts
     D:8: 1575 daAuts
     D:6: 1575 daAuts
     D:3: 1570 daAuts
     D:2: 1163 daAuts
     D:5: 1117 daAuts
     D:1: 1101 daAuts
     D:7: 766 daAuts
 Ossuary: 639 daAuts
  Temple: 127 daAuts
   Orc:1: 7 daAuts
